 Dungeon Crawl Stone Soup version 0.23-a0-350-g6fd5563 (webtiles) character file.

60 Cryolive the Vexing (level 4, 0/32 HPs)
             Began as a Human Arcane Marksman on Oct 20, 2018.
             Slain by an adder (4 damage)
             ... on level 2 of the Dungeon.
             The game lasted 00:19:04 (1954 turns).

Cryolive the Vexing (Human Arcane Marksman)         Turns: 1954, Time: 00:19:05

Health: 0/32       AC:  8    Str: 10    XL:     4   Next: 25%
Magic:  5/5        EV:  5    Int: 14    God:
Gold:   43         SH:  0    Dex: 14    Spells: 4/5 levels left

rFire    . . .     SeeInvis .   s - -2 hand axe (curse)
rCold    . . .     Gourm    .   (no shield)
rNeg     . . .     Faith    .   w - +0 chain mail
rPois    .         Spirit   .   (no helmet)
rElec    .         Reflect  .   (no cloak)
rCorr    .         Harm     .   (no gloves)
MR       .....                  (no boots)
Stlth    ..........             (no amulet)
HPRegen  0.10/turn              (no ring)
MPRegen  0.09/turn              (no ring)

@: lethally poisoned (0 -> -7)
A: no striking features
a: no special abilities


You were on level 2 of the Dungeon.
You were not hungry.

You visited 1 branch of the dungeon, and saw 2 of its levels.

You collected 43 gold pieces.

Inventory:

Hand Weapons
 a - a +0 shortbow
 q - a +0 spear
 s - a cursed -2 hand axe (weapon)
 v - a cursed -2 dagger
 x - a +0 blowgun
Missiles
 c - 4 tomahawks (quivered)
 d - 12 arrows
Armour
 e - a +0 chain mail
 h - a +0 leather armour
 w - a +0 chain mail (worn)
Scrolls
 b - a scroll of identify {unknown}
 i - a scroll of teleportation {unknown}
 j - a scroll of magic mapping {unknown}
Potions
 l - a potion of ambrosia {unknown}
 p - a potion of mutation {unknown}
 r - a potion of brilliance {unknown}
 z - a potion of curing {unknown}
Comestibles
 f - 3 rations


   Skills:
 + Level 1.2 Fighting
 + Level 0.7 Axes
 + Level 2.6 Bows
 + Level 0.3 Throwing
 + Level 1.0 Armour
 + Level 2.3 Dodging
 + Level 0.2 Stealth
 + Level 1.0 Spellcasting
 + Level 3.5 Hexes


You had 4 spell levels left.
You knew the following spells:

 Your Spells              Type           Power        Failure   Level  Hunger
a - Corona                Hex            ##.....      99%         1    ##.....

Your spell library contained the following spells:

 Spells                   Type           Power        Failure   Level  Hunger
 Slow                     Hex            ##......     100%        2    ###....
 Inner Flame              Hex/Fire       #.......     100%        3    ####...
 Portal Projectile        Hex/Tloc       #.....       100%        3    ####...
 Cause Fear               Hex            ##........   100%        4    #####..
 Leda's Liquefaction      Hex/Erth       #.........   100%        4    #####..


Dungeon Overview and Level Annotations

Branches:
Dungeon (2/15)

Altars:


Message History

You hit the adder but do no damage.
The adder is heavily wounded.
The adder bites you but does no damage. The adder closely misses you.
You closely miss the adder.
The adder is heavily wounded.
You feel sick. The adder bites you but does no damage.
Your chain mail prevents you from hitting the adder.
The adder is heavily wounded.
The adder barely misses you. x2
The adder bites you.
* * * LOW HITPOINT WARNING * * *
You are lethally poisoned!
The adder poisons you!
Throwing (i - inventory)
c - 5 tomahawks (quivered)
Press: ? - help, Shift-Dir - straight line, f/p - adder
Aim: an adder (heavily wounded)
You throw a tomahawk. The tomahawk barely misses the adder.
* * * LOW HITPOINT WARNING * * *
You feel sick. The adder bites you but does no damage. The adder bites you.
You die...

#..#
#.......
#..#
#.######
#..#########
#.#
#..........#
#.#
##.#######.#
#.# #.# #.#
#.# #.# #.#
#.###### #.#
#.# #.......
...######@##
#######.
..(.....S..#
#.
...######..#
#. #$.# #.
#..# #. #..#
#. ...#
###########.
.#.#
#.†.........
.#.#
#.##########


You could see an adder.

Vanquished Creatures
  An adder (D:2)
  An ooze (D:2)
  A dart slug (D:1)
  2 leopard geckos
  2 giant cockroaches (D:1)
  4 goblins (D:1)
  6 hobgoblins
  6 jackals
  4 kobolds (D:1)
  A quokka (D:2)
  4 bats (D:1)
  A frilled lizard (D:1)
  5 rats
38 creatures vanquished.

Notes
Turn   | Place    | Note
-------+----------+-------------------------------------------
     0 | D:1      | Cryolive the Human Arcane Marksman began the quest for the
                  | Orb.
     0 | D:1      | Reached XP level 1. HP: 15/15 MP: 2/2
   441 | D:1      | Reached XP level 2. HP: 21/21 MP: 3/3
   652 | D:1      | Reached XP level 3. HP: 12/26 MP: 4/4
  1506 | D:2      | Reached XP level 4. HP: 26/32 MP: 5/5
  1787 | D:2      | Reached skill level 1 in Armour
  1954 | D:2      | Slain by an adder

Vault maps used:
D:1:      minmay_arrival_pointy
D:2:      first_ration, uniq_natasha

Skill      XL: |  1  2  3  4 |
---------------+-------------+-----
Armour         | 1 |  1.0
Fighting       | |  1.2
Axes           | |  0.7
Bows           | |  2.6
Throwing       | |  0.3
Dodging        | |  2.3
Stealth        | |  0.2
Spellcasting   | |  1.0
Hexes          | |  3.5

Action                   |  1- 3 |  4- 6 || total
-------------------------+-------+-------++-------
Melee: Hand axe          |    19 |    59 ||    78
 Fire: Shortbow          |    45 |       ||    45
Throw: Tomahawk          |    15 |     9 ||    24
  Eat: Ration            |     1 |       ||     1
Armor: Leather armour    |    13 |       ||    13
       Chain mail        |     7 |    55 ||    62
Dodge: Dodged            |    42 |    15 ||    57

Table legend:
 A = Non-vault XP
 B = Vault XP
 C = Vault XP percentage of total XP
 D = Non-vault monster count
 E = Vault monster count
 F = Vault count percentage of total count
                 A         B        C        D         E       F
            +---------+---------+-------+---------+---------+-------
      Total |      87 |       0 |   0.0 |      38 |       0 |   0.0
            +---------+---------+-------+---------+---------+-------
        D:1 |      53 |       0 |   0.0 |      28 |       0 |   0.0
        D:2 |      34 |       0 |   0.0 |      10 |       0 |   0.0
            +---------+---------+-------+---------+---------+-------
